 Dungeon Crawl Stone Soup version 0.30.1-11-g7821555f0a (webtiles) character file.

Game seed: 2487982286906823507

18113 eliilek the Basher (level 12, -9/112 HPs)
             Began as a Minotaur Fighter on Oct 26, 2023.
             Was a High Priest of Cheibriados.
             Killed from afar by a storm dragon (38 damage)
             ... with a bolt of lightning
             ... on level 11 of the Dungeon on Oct 27, 2023.
             The game lasted 00:32:17 (11336 turns).

eliilek the Basher (Minotaur Fighter)              Turns: 11336, Time: 00:32:18

Health: -9/112     AC: 17    Str: 35    XL:     12   Next: 24%
Magic:  14/17      EV: 14    Int: 17    God:    Cheibriados [*****.]
Gold:   715        SH: 14    Dex: 31    Spells: 11/11 levels left

rFire   . . .        a - +3 flail
rCold   . . .        M - +0 kite shield
rNeg    . . .        d - +2 chain mail {rPois}
rPois   +            w - +1 hat
rElec   .            k - +0 cloak
rCorr   .            F - +1 pair of gloves
SInv    .            (no boots)
Will    .....        D - amulet of regeneration Stlth
                     m - +6 ring of dexterity
HPRegen 1.18/turn    (no ring)
MPRegen 0.15/turn

%: no passive effects
@: very slow
A: horns 2, retaliatory headbutt
a: Renounce Religion, Bend Time, Temporal Distortion, Slouch, Step From Time


You were on level 11 of the Dungeon.
You worshipped Cheibriados.
Cheibriados was extremely pleased with you.
You visited 2 branches of the dungeon, and saw 12 of its levels.
You also visited: Bailey.

You collected 787 gold pieces.
You spent 72 gold pieces at shops.

Inventory:

Hand Weapons
 a - a +3 flail (weapon)
 b - a +0 sling
Missiles
 e - 7 throwing nets (quivered)
 h - 5 atropa-tipped darts
 n - 2 curare-tipped darts
 y - 37 poisoned darts
Armour
 d - a +2 chain mail of poison resistance (worn)
 k - a +0 cloak (worn)
 w - a +1 hat (worn)
 F - a +1 pair of gloves (worn)
 M - a +0 kite shield (worn)
Jewellery
 m - a +6 ring of dexterity (left hand)
 D - an amulet of regeneration (around neck)
Wands
 f - a wand of polymorph (5)
 L - a wand of flame (17)
Scrolls
 l - 2 scrolls of fear {unknown}
 o - 5 scrolls of teleportation
 p - a scroll of amnesia
 r - 6 scrolls of fog
 s - a scroll of magic mapping
 u - a scroll of noise {unknown}
 B - a scroll of blinking {unknown}
 C - a scroll of enchant armour {unknown}
 G - a scroll of vulnerability {unknown}
 I - a scroll of identify
 K - 5 scrolls of enchant weapon
Potions
 g - 2 potions of cancellation
 i - 8 potions of curing
 j - a potion of degeneration {unknown}
 q - 3 potions of mutation
 t - 2 potions of heal wounds {unknown}
 v - 3 potions of invisibility {unknown}
 x - a potion of lignification {unknown}
 z - a potion of ambrosia {unknown}
 A - 3 potions of berserk rage {unknown}
 E - 3 potions of flight
 H - a potion of attraction {unknown}
 J - a potion of resistance


   Skills:
 + Level 11.8 Fighting
 - Level 14.0 Maces & Flails
 - Level 8.0 Ranged Weapons
 * Level 6.9 Armour
 * Level 5.2 Dodging
 * Level 6.9 Shields
 + Level 8.2 Invocations


You had 11 spell levels left.
You didn't know any spells.
Your spell library contained the following spells:

 Spells                   Type           Power      Damage    Failure   Level
 Freeze                   Ice            0%         1d3       75%         1
 Sandblast                Erth           0%         2d4       75%         1
 Cigotuvi's Dreadful Rot  Necr/Pois/Air  0%         N/A       87%         2
 Ensorcelled Hibernation  Hex/Ice        0%         N/A       87%         2
 Passwall                 Tmut/Erth      0%         N/A       87%         2
 Poisonous Vapours        Pois/Air       0%         N/A       87%         2
 Dazzling Flash           Conj/Hex       0%         N/A       98%         3
 Frozen Ramparts          Ice            0%         1d1       98%         3
 Hailstorm                Conj/Ice       0%         3d3       98%         3
 Ignite Poison            Fire/Tmut/Pois 0%         N/A       98%         3
 Inner Flame              Hex/Fire       0%         N/A       98%         3
 Mephitic Cloud           Conj/Pois/Air  0%         N/A       98%         3
 Stone Arrow              Conj/Erth      0%         3d7       98%         3
 Swiftness                Air            0%         N/A       98%         3
 Volatile Blastmotes      Fire/Tloc      0%         2d10      98%         3
 Flame Wave               Conj/Fire      0%         2d4       100%        4
 Iskenderun's Mystic Bla  Conj/Tloc      0%         2d3       100%        4
 Sticky Flame             Conj/Fire      0%         2d3       100%        4
 Fireball                 Conj/Fire      0%         3d3       100%        5
 Freezing Cloud           Conj/Ice/Air   0%         6-21      100%        5
 Iskenderun's Battlesphe  Conj           0%         2d6       100%        5
 Conjure Ball Lightning   Conj/Air       0%         3x3d6     100%        6
 Starburst                Conj/Fire      0%         6d3       100%        6
 Orb of Destruction       Conj           0%         9d5       100%        7


Dungeon Overview and Level Annotations

Branches:
Dungeon (11/15)            Temple (1/1) D:4          Bailey (visited)
   Lair: D:8-11         Orc: D:9-12

Altars:
Ashenzari
Cheibriados
Dithmenos
Elyvilon
Fedhas
Gozag
Hepliaklqana
Kikubaaqudgha
Makhleb
Nemelex Xobeh
Okawaru
Qazlal
Ru
Sif Muna
Uskayaw
Wu Jian
Xom
Zin
The Shining One

Shops:
D:5 (   D:6 (   D:10 [


Innate Abilities, Weirdness & Mutations

You have a pair of horns on your head.
You reflexively headbutt those who attack you in melee.


Message History

You closely miss the storm dragon.
You headbutt the storm dragon, but do no damage.
The storm dragon is lightly wounded.
The storm dragon bites you! The storm dragon misses you.
The storm dragon tramples you but does no damage.
You hit the storm dragon but do no damage.
You headbutt the storm dragon, but do no damage.
The storm dragon is lightly wounded.
The storm dragon bites you! The storm dragon closely misses you.
The storm dragon barely misses you.
You closely miss the storm dragon.
The storm dragon is lightly wounded.
The storm dragon breathes lightning at you.
The bolt of lightning hits you!!
You hear two shouts!
You hear an angry buzzing noise.
You hear a bellow!
You hear a shout!
You hit the storm dragon but do no damage.
You headbutt the storm dragon.
The storm dragon is lightly wounded.
The storm dragon bites you. You block the storm dragon's attack.
The storm dragon tramples you but does no damage.
The flow of time bends around you.
The storm dragon resists with some effort.
The storm dragon breathes lightning at you.
The bolt of lightning hits you!
You hear a shout!
You hear two shouts!
The storm dragon attacks as you move away!
The storm dragon barely misses you. The storm dragon claws you.
The storm dragon tramples you!
* * * LOW HITPOINT WARNING * * *
You block the storm dragon's attack. The storm dragon misses you.
The storm dragon tramples you.
* * * LOW HITPOINT WARNING * * *
You stumble backwards!
Splash!
You fall into the shallow water.
Moving in this stuff is going to be slow.
The storm dragon breathes lightning at you.
The bolt of lightning hits you!!!
You die...

#.#.## #.#..#
#....# ###..#
#....# #.##.# ♣♣
♣
#.##.##♣~♣♣♣♣♣.♣
#....##.~.~....♣
####.##~≈@D~♣♣.♣
#)##♣~♣♣~# #.#
♣♣ ♣~# #.# ♣♣♣~#
#.##♣♣.)♣#
#.##≈≈~.♣
#.##♣♣.♣♣
#.###♣.♣##
#.##.♣.♣.#


You could see a storm dragon (catching breath).

Vanquished Creatures
  Harold (D:11)
  Erica (D:11)
  5 two-headed ogres
  A tengu warrior (D:10)
  A deep troll earth mage (D:11)
  An orc knight (Bailey)
  An ugly thing (D:11)
  A gargoyle (D:11)
  3 trolls
  Grinder (D:3)
  A shadow (D:10)
  23 yaks
  A wyvern (D:8)
  A wraith (D:10)
  Eustachio (D:6)
  A steam dragon (D:6)
  4 acid dragons
  A water moccasin (D:8)
  An ice beast (D:5)
  17 orc warriors
  3 black bears
  2 sky beasts
  2 ogres
  3 centaurs
  6 bullfrogs
  Blork the orc (D:6)
  8 gnoll sergeants
  5 kobold brigands
  2 scorpions
  8 wights
  3 killer bees (D:10)
  5 howler monkeys
  9 hounds
  A jelly (D:5)
  2 gnoll boudas (D:5)
  6 orc priests
  Jessica (D:3)
  6 iguanas
  A sleepcap (D:7)
  Terence (D:2)
  Natasha (thrice) (D:3)
  20 orc wizards
  Robin (D:3)
  27 gnolls
  9 adders
  A shadow imp (D:5)
  A white imp (D:6)
  An ufetubus (D:6)
  2 worms
  3 dart slugs
  39 orcs
  7 ball pythons
  6 bats
  11 endoplasms
  3 giant cockroaches
  20 goblins
  8 hobgoblins
  11 jackals
  7 quokkas
  2 frilled lizards (D:1)
  21 kobolds
  7 rats
  A butterfly (D:5)
353 creatures vanquished.

Notes
Turn   | Place    | Note
-------+----------+-------------------------------------------
     0 | D:1      | eliilek the Minotaur Fighter began the quest for the Orb.
     0 | D:1      | Reached XP level 1. HP: 19/19 MP: 0/0
   157 | D:1      | Reached skill level 3 in Maces & Flails
   163 | D:1      | Reached XP level 2. HP: 20/27 MP: 1/1
   556 | D:1      | Reached XP level 3. HP: 33/33 MP: 2/2
   601 | D:1      | You fall into a shaft and drop 1 floor!
   678 | D:2      | Reached skill level 4 in Maces & Flails
  1386 | D:3      | Reached skill level 1 in Ranged Weapons
  1419 | D:3      | Reached XP level 4. HP: 29/41 MP: 3/3
  1595 | D:3      | Noticed Natasha
  1603 | D:3      | Killed Natasha
  1750 | D:3      | Noticed Natasha
  1759 | D:3      | Killed Natasha
  1760 | D:3      | Reached skill level 5 in Maces & Flails
  1760 | D:3      | Reached XP level 5. HP: 47/47 MP: 4/4
  1855 | D:3      | Noticed Jessica
  1858 | D:3      | Killed Jessica
  1891 | D:3      | Noticed Grinder
  1894 | D:3      | Paralysed by Grinder for 4 turns
  1909 | D:3      | Paralysed by Grinder for 4 turns
  1914 | D:3      | Killed Grinder
  1915 | D:3      | Reached skill level 5 in Fighting
  1915 | D:3      | Reached skill level 6 in Maces & Flails
  1915 | D:3      | Reached XP level 6. HP: 18/56 MP: 5/5
  1963 | D:3      | Noticed Terence
  2090 | D:2      | Killed Terence
  2160 | D:3      | Noticed Natasha
  2168 | D:3      | Killed Natasha
  2327 | D:3      | Noticed Robin
  2340 | D:3      | Killed Robin
  2472 | D:4      | Reached XP level 7. HP: 57/62 MP: 6/6
  2476 | D:4      | Reached skill level 7 in Maces & Flails
  2662 | D:4      | Found a staircase to the Ecumenical Temple.
  3335 | Temple   | Entered the Ecumenical Temple
  3343 | Temple   | Became a worshipper of Cheibriados the Contemplative
  3384 | D:5      | Entered Level 5 of the Dungeon
  3402 | D:5      | Reached skill level 8 in Maces & Flails
  3419 | D:5      | Found a shimmering altar of Xom.
  3592 | D:5      | Reached XP level 8. HP: 71/71 MP: 7/7
  3947 | D:5      | Reached skill level 9 in Maces & Flails
  3950 | D:5      | Reached * piety under Cheibriados
  3951 | D:5      | Reached skill level 5 in Ranged Weapons
  4276 | D:5      | Found Suwn's Antique Weapon Boutique.
  4294 | D:5      | Reached skill level 10 in Maces & Flails
  4407 | D:5      | Upgraded the game from 0.30.1-10-g1249ef9ec4 to
                  | 0.30.1-11-g7821555f0a
  4738 | D:6      | Noticed Blork the orc
  4744 | D:6      | Reached ** piety under Cheibriados
  4747 | D:6      | Killed Blork the orc
  4748 | D:6      | Reached XP level 9. HP: 76/81 MP: 8/8
  4840 | D:6      | Noticed Eustachio
  4848 | D:6      | Killed Eustachio
  4849 | D:6      | Reached skill level 1 in Invocations
  4935 | D:6      | Found a shadowy altar of Dithmenos.
  4956 | D:6      | Reached skill level 11 in Maces & Flails
  5328 | D:6      | Found Ipnoav's Weapon Boutique.
  5364 | D:6      | Reached *** piety under Cheibriados
  6003 | D:7      | Noticed a two-headed ogre
  6011 | D:7      | Killed a two-headed ogre
  6012 | D:7      | Reached skill level 12 in Maces & Flails
  6012 | D:7      | Reached XP level 10. HP: 53/91 MP: 11/11
  6122 | D:7      | Identified the +4 spear of the Zealous God {freeze, rElec
                  | rPois}
  7121 | D:8      | Found a faded altar of an unknown god.
  7121 | D:8      | Found a blossoming altar of Fedhas.
  7129 | D:8      | Found a hide-covered altar of Uskayaw.
  7131 | D:8      | Found a shimmering blue altar of Sif Muna.
  7133 | D:8      | Found a white marble altar of Elyvilon.
  7973 | D:9      | Found a flagged portal.
  7987 | D:9      | Reached **** piety under Cheibriados
  7993 | Bailey   | Entered a bailey
  8191 | Bailey   | Reached skill level 13 in Maces & Flails
  8528 | Bailey   | Reached skill level 10 in Fighting
  8687 | Bailey   | Noticed an orc knight
  8707 | Bailey   | Killed an orc knight
  8708 | Bailey   | Reached skill level 5 in Invocations
  9113 | D:9      | Noticed a two-headed ogre
  9117 | D:9      | Killed a two-headed ogre
  9118 | D:9      | Reached XP level 11. HP: 87/101 MP: 14/14
  9187 | D:9      | Reached skill level 14 in Maces & Flails
  9340 | D:9      | Reached skill level 1 in Dodging
  9868 | D:10     | Entered Level 10 of the Dungeon
  9876 | D:10     | Noticed a two-headed ogre
  9881 | D:10     | Killed a two-headed ogre
  9882 | D:10     | Found Yhor's Armour Emporium.
  9947 | D:10     | Bought a +0 cloak for 72 gold pieces
  9977 | D:10     | Reached ***** piety under Cheibriados
 10097 | D:10     | Reached skill level 5 in Armour
 10097 | D:10     | Reached skill level 5 in Shields
 10672 | D:11     | Noticed a two-headed ogre
 10685 | D:11     | Noticed Erica
 10703 | D:11     | Killed a two-headed ogre
 10710 | D:11     | Killed Erica
 10915 | D:11     | Noticed a two-headed ogre
 10924 | D:11     | Killed a two-headed ogre
 10996 | D:11     | Noticed Harold
 11006 | D:11     | Killed Harold
 11007 | D:11     | Reached XP level 12. HP: 102/110 MP: 17/17
 11019 | D:11     | Noticed a tengu warrior
 11060 | D:10     | Killed a tengu warrior
 11177 | D:11     | Identified the +2 war axe of Pride {flame, rPois Str+2}
 11262 | D:11     | Reached skill level 5 in Dodging
 11290 | D:11     | Noticed a deep troll earth mage
 11304 | D:11     | Killed a deep troll earth mage
 11327 | D:11     | Noticed a storm dragon
 11336 | D:11     | Killed from afar by a storm dragon

Illustrated notes

Levels and vault maps discovered:
D:1:      matt_arrival_diagonals, layout_loops_ring, nrook_campfire,
          serial_bayou_pond_c, minmay_fountain_box, st_stairs_10
D:2:      layout_loops_cross
D:3:      layout_rooms, palyth_stone_intersect, minmay_hedge_maze, uniq_natasha,
          uniq_terence, uniq_grinder, uniq_jessica, uniq_robin
D:4:      layout_loops_ring, minmay_temple_entry_hall, grunt_ministairs_15,
          minivault_27
D:5:      layout_cave_pools, xom_butterflies, serial_gnoll_camp,
          gnoll_camp_medium_02, gnoll_camp_mini_house, gnoll_camp_mini_hut,
          gnoll_camp_mini_loothouse, gnoll_camp_mini_hut, gnoll_camp_mini_shop,
          hangedman_decor_riveting, grunt_tough_drop
D:6:      layout_gridville, nicolae_overflow_crystal_walls, serial_shops, shop,
          uniq_blork_the_orc, uniq_eustachio
D:7:      layout_basic
D:8:      layout_basic, chequers_temple_overflow_minitemple
D:9:      layout_roguey, enter_bailey_3, minivault_24, chequers_jeans,
          grunt_decor_fettered
D:10:     layout_irregular_city, serial_shops, shop
D:11:     nzn_winding_woodlands_large [nzn_winding_woodlands_5x5_three,
          nzn_winding_woodlands_5x15_cabin,
          nzn_winding_woodlands_5x5_checkerboard,
          nzn_winding_woodlands_center_diamonds,
          nzn_winding_woodlands_15x15_boxy_spiral,
          nzn_winding_woodlands_center_garden,
          nzn_winding_woodlands_5x5_open_star,
          nzn_winding_woodlands_5x15_lazy_stream,
          nzn_winding_woodlands_hourglass], layout_basic,
          grunt_lair_entry_orc_guard_hut, uniq_harold, uniq_erica
Temple:   nicolae_temple_x_marks_the_god

Skill      XL: |  1  2  3  4  5  6  7  8  9 10 11 12 |
---------------+-------------------------------------+-----
Maces & Flails | 3 4 5 6 8 10 12 13 14 | 14.0
Fighting       | 4 5 6 8 9 10 11 | 11.8
Ranged Weapons | 1 3 4 6 7 8 |  8.0
Invocations    | 3 5 8 |  8.2
Dodging        | 4 5 |  5.2
Armour         | 6 |  6.9
Shields        | 6 |  6.9

Action                     |  1- 3 |  4- 6 |  7- 9 | 10-12 || total
---------------------------+-------+-------+-------+-------++-------
  Melee: Flail             |    74 |    90 |   292 |   416 ||   872
         Headbutt          |     8 |    11 |    54 |   116 ||   189
         Unarmed           |       |     4 |       |       ||     4
   Fire: Sling             |    50 |    61 |    69 |   118 ||   298
  Throw: Dart              |       |       |       |     1 ||     1
 Invoke: Bend Time         |       |       |       |     4 ||     4
         Slouch            |       |       |       |     2 ||     2
         Temporal Distorti |       |       |       |     1 ||     1
    Use: Potion            |       |     1 |       |       ||     1
         Scroll            |       |       |       |    12 ||    12
 Armour: Scale mail        |    30 |    22 |       |       ||    52
         Chain mail        |       |    36 |   169 |   169 ||   374
  Dodge: Dodged            |    40 |    50 |   108 |   209 ||   407
  Block: Buckler           |    15 |    39 |    82 |   142 ||   278
         Kite shield       |       |       |       |    24 ||    24
